 Dungeon Crawl Stone Soup version 0.32-a0-17-gb74e046682 (webtiles) character file.

Game seed: 8829531145114067557

104 cforsyth the Trooper (level 4, -2/34 HPs)
             Began as an Oni Shapeshifter on Jan 15, 2024.
             Slain by Grinder (9 damage)
             ... while paralysed by Grinder
             ... on level 3 of the Dungeon.
             The game lasted 00:01:56 (2461 turns).

cforsyth the Trooper (Oni Shapeshifter)             Turns: 2461, Time: 00:01:56

Health: -2/34      AC:  2    Str: 20    XL:     4   Next: 80%
Magic:  4/4        EV:  1    Int: 11    God:
Gold:   134        SH:  0    Dex:  8    Spells: 3/3 levels left

rFire   . .          .
                       - Unarmed
rCold   . . .        (shield currently unavailable)
rNeg    . . .        a - melded +0 animal skin
rPois   .            (helmet restricted)
rElec   .            m - +0 cloak
rCorr   .            (gloves unavailable)
SInv    .            (boots unavailable)
Will    .....        (no amulet)
Stlth   +            (no ring)
HPRegen 0.25/turn    (no ring)
MPRegen 0.09/turn

%: no passive effects
@: paralysed, flux-form, glowing
A: glow, contaminating, reduced hp, large, unfitting armour, horns 1, tough skin
1, double potion healing, drunken brawling
a: Begin Untransformation


You were on level 3 of the Dungeon.
You were something dangerously unstable.
You visited 1 branch of the dungeon, and saw 3 of its levels.

You collected 134 gold pieces.

Inventory:

Armour
 a - a +0 animal skin (melded)
 m - a +0 cloak (worn)
Jewellery
 j - an amulet of reflection
Talismans
 c - a beast talisman
 d - a flux talisman (active)
Wands
 o - a wand of roots (10)
Scrolls
 e - 2 scrolls of enchant armour {unknown}
 h - a scroll of acquirement {unknown}
 l - 5 scrolls of enchant weapon {unknown}
 p - 3 scrolls of identify {unknown}
 r - 2 scrolls of amnesia {unknown}
 s - a scroll of poison {unknown}
Potions
 b - a potion of lignification
 f - a potion of haste {unknown}
 g - a potion of mutation {unknown}
 i - a potion of curing {unknown}
 k - a potion of degeneration {unknown}
 n - a potion of enlightenment {unknown}
 q - a potion of cancellation {unknown}


   Skills:
 + Level 4.2 Fighting
 - Level 1.7 Dodging
 - Level 2.6 Unarmed Combat
 + Level 4.1 Shapeshifting


You had 3 spell levels left.
You didn't know any spells.
Your spell library contained the following spells:

 Spells                   Type           Power      Damage    Failure   Level
 Mercury Vapours          Alch/Air       0%         N/A       47%         2
 Mephitic Cloud           Conj/Alch/Air  0%         N/A       71%         3
 Summon Ice Beast         Ice/Summ       0%         N/A       71%         3
 Freezing Cloud           Conj/Ice/Air   0%         6-21      100%        5
 Summon Mana Viper        Hex/Summ       0%         N/A       100%        5
 Monstrous Menagerie      Summ           0%         N/A       100%        7


Dungeon Overview and Level Annotations

Branches:
Dungeon (3/15)

Altars:

Shops:
D:1 *

Annotations:
D:3 Grinder


Innate Abilities, Weirdness & Mutations

You are something dangerously unstable.
You glow with magical radiation, making you easy to see and hit.
Foes you strike become dangerously contaminated with magical radiation.
Your maximum health is decreased, since you lack skill for your form.
You are incapable of wielding weapons or throwing items.
You are too large for most types of armour.
You have a pair of small horns on your head.
You have tough skin. (AC +1)
You gain doubled healing and magic from potions.
Whenever you drink a healing potion, you attack all around you.


Message History

Done waiting.
There is a stone staircase leading down here.
You start putting on your armour.
You continue putting on your +0 cloak. x4
You finish putting on your +0 cloak.
You climb downwards.
Level annotation: Grinder The ribbon worm expels a string of sticky webbing.
The stream of webbing hits you but does no damage.
You are caught in a web!
There is a stone staircase leading up here.
You hit the ribbon worm.
The ribbon worm begins to glow.
You headbutt the ribbon worm.
The ribbon worm is moderately wounded.
The ribbon worm closely misses you.
You hit the ribbon worm.
The ribbon worm glows dangerously bright.
The ribbon worm is moderately wounded.
The ribbon worm bites you.
You hit the ribbon worm.
The ribbon worm shudders as magic cascades through it!!
You kill the ribbon worm!
Grinder gestures at you. You resist with significant effort.
You see here a ribbon worm corpse.
Grinder closely misses you.
You closely miss Grinder. Grinder hits you!
You writhe in agony.
You hit Grinder but do no damage.
Grinder begins to glow.
You headbutt Grinder.
Grinder is lightly wounded.
Grinder barely misses you.
You hit Grinder.
Grinder glows dangerously bright.
Grinder is lightly wounded.
Grinder gestures at you.
You suddenly lose the ability to move!
Grinder hits you.
You writhe in agony.
* * * LOW HITPOINT WARNING * * *
Grinder hits you.
* * * LOW HITPOINT WARNING * * *
Grinder hits you!
You die...
Grinder sighs, "Dead already?
I want a refund."

#.##..).....#.#
#.....
#.....⌠...>.#.#
#.....
####..[.....#..
#.....
##..########
###.## ##.# #.#
# #... #.# #.#
.# #.## #.# #.##
#.### #.##
###.###..# ....
#... #..<.†p.#
...## #.#.
#.#####5###.....
#.#.
#..........#
....
#.##.####'##
#.#.## #.##.#
#8[8# .....#
.....##.....#
###....
##.####8..§..8#
#...# #.#
#...(.[...#
#..#8.........8#


You could see Grinder (heavy contam).

Vanquished Creatures
  Ijyb (D:3)
  3 adders
  A ribbon worm (D:3)
  An orc (D:3)
  5 bats
  3 endoplasms
  2 giant cockroaches (D:1)
  4 goblins
  6 hobgoblins
  2 jackals (D:1)
  4 kobolds
  7 ball pythons
  5 frilled lizards
  7 rats
51 creatures vanquished.

Notes
Turn   | Place    | Note
-------+----------+-------------------------------------------
     0 | D:1      | cforsyth the Oni Shapeshifter began the quest for the Orb.
     0 | D:1      | Reached XP level 1. HP: 19/19 MP: 1/1
   113 | D:1      | Reached XP level 2. HP: 26/28 MP: 2/2
   517 | D:1      | Found Naneid's Assorted Antiques.
   896 | D:1      | Reached XP level 3. HP: 36/36 MP: 3/3
  2005 | D:3      | Reached XP level 4. HP: 40/46 MP: 4/4
  2261 | D:3      | Noticed Ijyb
  2261 | D:3      | Noticed Grinder
  2268 | D:3      | Killed Ijyb
  2458 | D:3      | Paralysed by Grinder for 5 turns
  2461 | D:3      | Slain by Grinder

Illustrated notes

Levels and vault maps discovered:
D:1:      erik_arrival_cave_to_civilisation [erik_arrival_cave_to_hall],
          layout_basic, serial_shops, shop, dreamdust_princess_corridor
D:2:      layout_basic, minmay_tetromino_t4
D:3:      layout_loops_cross, dk_noncrumbling_4, grunt_ministairs_14,
          uniq_jessica, uniq_ijyb, uniq_grinder

Skill      XL: |  1  2  3  4 |
---------------+-------------+-----
Fighting       | 2 3 4 |  4.2
Shapeshifting  | 4 |  4.1
Dodging        | |  1.7
Unarmed Combat | |  2.6

Action                     |  1- 3 |  4- 6 || total
---------------------------+-------+-------++-------
  Melee: Unarmed           |   100 |    31 ||   131
         Headbutt          |    10 |     6 ||    16
         Punch             |     1 |     1 ||     2
 Armour: Animal skin       |    59 |    15 ||    74
         Skin              |       |     5 ||     5
  Dodge: Dodged            |    41 |    13 ||    54
   Form: Flux              |       |     1 ||     1

Table legend: (Time is in decaauts)
 A = Elapsed time spent in this place.
 B = Non-inter-level travel time spent in this place.
 C = Inter-level travel time spent in this place.
 D = Time resting spent in this place.
 E = Time spent auto-exploring this place.
 F = Levels seen in this place.
 G = Mean time per level.
                   A        B        C        D        E       F      G
               +--------+--------+--------+--------+--------+-----+--------+
         Total |   2455 |   2320 |    135 |    155 |   1852 |   3 |  818.3 |
       Dungeon |   2455 |   2320 |    135 |    155 |   1852 |   3 |  818.3 |
               +--------+--------+--------+--------+--------+-----+--------+

Top non-repeatable levels by time:
     D:1: 1170 daAuts
     D:2: 948 daAuts
     D:3: 336 daAuts
